[Event "Titled Tuesday Blitz January 10 Early 2023"]
[White "Nepomniachtchi, Ian"]
[Black "Gareyev, Timur"]
[WhiteFideId "4168119"]
[BlackFideId "14200937"]
[WhiteElo "2794"]
[BlackElo "2617"]
[Result "1-0"]
[Round "08"]
[TimeControl "180+2"]
[Date "2023.01.10"]
[WhiteClock "0:01:03"]
[BlackClock "0:00:02"]

1. e4 e5 2. f4 d5 3. exd5 c6 4. Ne2 e4 5. d3 exd3 6. Qxd3 Nf6 7. Nbc3 Bb4 8. Be3 O-O 9. O-O-O Re8 10. a3 Bf8 11. dxc6 Qxd3 12. Rxd3 Nxc6 13. Ng3 Ng4 14. Bg1 h5 15. Be2 h4 16. Nge4 Bf5 17. Bf3 Re6 18. h3 Nf6 19. Nxf6+ Rxf6 20. Nd5 Re6 21. Rd1 Rc8 22. Bg4 Bxg4 23. hxg4 Re2 24. Nc3 Rxg2 25. Rxh4 Ne7 26. f5 g5 27. Rh5 Rxg4 28. Bd4 f6 29. Bxf6 Nxf5 30. Rxg5+ Rxg5 31. Bxg5 Bxa3 32. Ne4 Be7 33. Bxe7 Nxe7 34. Rd7 Nf5 35. Rxb7 Nd4 36. c3 Ne6 37. Rxa7 Rc4 38. Nf6+ Kf8 39. Kc2 Rf4 40. Nd7+ Ke7 41. Nc5+ Kd6 42. Nxe6 1-0


[Site "https://www.chess.com"]

[Event "Titled Tuesday Blitz January 10 Early 2023"]
[White "Urazayev, Arystanbek"]
[Black "Salem, A.R. Saleh"]
[WhiteFideId "13709810"]
[BlackFideId "9301348"]
[WhiteElo "2460"]
[BlackElo "2677"]
[Result "0-1"]
[Round "08"]
[TimeControl "180+2"]
[Date "2023.01.10"]
[WhiteClock "0:00:02"]
[BlackClock "0:00:53"]

1. e4 c5 2. Nf3 e6 3. d4 cxd4 4. Nxd4 Nc6 5. Be2 d6 6. c4 Nf6 7. Nc3 Be7 8. Be3 O-O 9. O-O Bd7 10. Rc1 a6 11. b3 Rc8 12. Qd2 Nxd4 13. Qxd4 Qa5 14. Qb6 Qxb6 15. Bxb6 Bd8 16. Be3 Ba5 17. f3 Rfd8 18. Rfd1 Bc6 19. a4 h5 20. h4 Kf8 21. Na2 Bc7 22. Nb4 Be8 23. Bd4 Nd7 24. Nd3 Bb6 25. Bxb6 Nxb6 26. Nf4 g6 27. a5 Na8 28. b4 Ke7 29. Kf2 Nc7 30. g4 hxg4 31. fxg4 Bc6 32. Ke3 Rh8 33. h5 gxh5 34. gxh5 Ne8 35. b5 Bd7 36. bxa6 bxa6 37. c5 dxc5 38. Nd3 Bb5 39. Ne5 Nf6 40. Bf3 Nxh5 41. Rh1 Nf6 42. Rxh8 Rxh8 43. Rxc5 Rh2 44. Rc1 Ra2 45. Nc4 Nd7 46. e5 Bxc4 47. Rxc4 Ra3+ 48. Kf2 Rxf3+ 0-1


[Site "https://www.chess.com"]

[Event "Titled Tuesday Blitz January 10 Early 2023"]
[White "Avila Pavas, Santiago"]
[Black "Anton Guijarro, David"]
[WhiteFideId "4437128"]
[BlackFideId "2285525"]
[WhiteElo "2522"]
[BlackElo "2690"]
[Result "0-1"]
[Round "08"]
[TimeControl "180+2"]
[Date "2023.01.10"]
[WhiteClock "0:00:01"]
[BlackClock "0:00:17"]

1. d4 Nf6 2. Nf3 d5 3. Bf4 e6 4. e3 Bd6 5. Bg3 O-O 6. Nbd2 c5 7. c3 Qc7 8. Bd3 Nbd7 9. e4 dxe4 10. Nxe4 Nxe4 11. Bxe4 Nf6 12. Bc2 cxd4 13. Qxd4 Bxg3 14. hxg3 h6 15. O-O-O Qb6 16. Qf4 Nd5 17. Qe4 Nf6 18. Qf4 Nd5 19. Qd2 f5 20. Ne5 Qc7 21. Rhe1 b5 22. Ng6 Rf6 23. Nf4 Nxf4 24. Qxf4 Qxf4+ 25. gxf4 Bb7 26. g3 Re8 27. Bb3 Kf7 28. Re5 g6 29. Rxb5 Bf3 30. Rd7+ Re7 31. Rxe7+ Kxe7 32. Ra5 g5 33. Rxa7+ Kd6 34. Ra6+ Kd7 35. fxg5 hxg5 36. Rb6 Bc6 37. a4 Kc7 38. a5 f4 39. gxf4 Rxf4 40. Bxe6 Rxf2 41. Rb4 Rf1+ 42. Kc2 Ra1 43. Rc4 Rxa5 44. b4 Re5 45. Bg4 Kb6 46. Rd4 Re3 47. Kd2 Rg3 48. Be2 Kc7 49. Rd3 Rg2 50. Ke3 g4 51. Bd1 Rg1 52. Kf4 g3 53. Bf3 g2 54. Bxc6 Rf1+ 55. Bf3 g1=Q 56. Ke5 Qh2+ 57. Kd4 Re1 58. Kc4 Qe5 59. Bd5 Re3 60. Rd4 Kb6 61. b5 Qg3 0-1


[Site "https://www.chess.com"]

[Event "Titled Tuesday Blitz January 10 Early 2023"]
[White "Fernandez Guillen, Ernesto J."]
[Black "Bachmann, Axel"]
[WhiteFideId "3512428"]
[BlackFideId "3700488"]
[WhiteElo "2477"]
[BlackElo "2604"]
[Result "0-1"]
[Round "08"]
[TimeControl "180+2"]
[Date "2023.01.10"]
[WhiteClock "0:00:02"]
[BlackClock "0:00:04"]

1. e4 c6 2. d4 d5 3. e5 c5 4. dxc5 e6 5. a3 Bxc5 6. Qg4 Kf8 7. b4 Bb6 8. Nf3 Ne7 9. Bd3 a5 10. Bb2 axb4 11. axb4 Rxa1 12. Bxa1 Nbc6 13. h4 Nxb4 14. O-O Nxd3 15. cxd3 Nf5 16. Nbd2 Bc5 17. h5 b6 18. d4 Be7 19. Rc1 Ba6 20. Bb2 Rg8 21. Ra1 Bb5 22. Ba3 h6 23. Qf4 g5 24. Qg4 Bxa3 25. Rxa3 Qc7 26. Rb3 Bc4 27. Rb1 b5 28. Kh2 Qa5 29. Nxc4 dxc4 30. d5 Qb6 31. d6 c3 32. Qb4 Qxf2 33. d7+ Kg7 34. Qxc3 Ne3 35. Qe1 Qxg2# 0-1


[Site "https://www.chess.com"]

[Event "Titled Tuesday Blitz January 10 Early 2023"]
[White "Murzin, Volodar"]
[Black "Xu, Yi"]
[WhiteFideId "44155573"]
[BlackFideId "8605564"]
[WhiteElo "2604"]
[BlackElo "2527"]
[Result "1-0"]
[Round "08"]
[TimeControl "180+2"]
[Date "2023.01.10"]
[WhiteClock "0:00:11"]
[BlackClock "0:00:07"]

1. e4 c5 2. Nf3 d6 3. Bb5+ Nd7 4. O-O a6 5. Bd3 Ngf6 6. c3 e6 7. Bc2 c4 8. Qe2 b5 9. b3 Qc7 10. bxc4 bxc4 11. Na3 Nb6 12. Rb1 Be7 13. e5 Nfd5 14. Qe4 Bb7 15. Qg4 dxe5 16. Qxg7 Bf6 17. Qh6 Rg8 18. Bxh7 Rh8 19. d3 O-O-O 20. Rxb6 Qxb6 21. dxc4 Nxc3 22. Qxf6 Rxh7 23. Nxe5 Ne2+ 24. Kh1 Rdh8 25. Ng4 Qc6 26. f3 Ng3+ 27. Kg1 Nxf1 28. Kxf1 Qc5 29. Bf4 Qxa3 30. Qe5 Qa5 31. Qxa5 Kd7 32. Qc7+ Ke8 33. Nf6+ Kf8 34. Nxh7+ Rxh7 35. Qxb7 Kg7 36. Qe4 Rh5 37. Be5+ Kf8 38. Bd6+ Ke8 39. c5 Kd7 40. Qb7+ Kd8 41. Qc7+ Ke8 42. Qe7# 1-0


[Site "https://www.chess.com"]

[Event "Titled Tuesday Blitz January 10 Early 2023"]
[White "Kravtsiv, Martyn"]
[Black "Koellner, Ruben Gideon"]
[WhiteFideId "14113147"]
[BlackFideId "12993093"]
[WhiteElo "2598"]
[BlackElo "2426"]
[Result "1-0"]
[Round "08"]
[TimeControl "180+2"]
[Date "2023.01.10"]
[WhiteClock "0:00:49"]
[BlackClock "0:00:11"]

1. e4 d6 2. d4 Nf6 3. Nc3 e5 4. Nf3 Nbd7 5. Bc4 Be7 6. a4 c6 7. O-O h6 8. Re1 Qc7 9. b3 Nf8 10. d5 Ng6 11. h3 O-O 12. Qe2 a5 13. Be3 Nh5 14. Kh2 Nhf4 15. Qf1 Kh7 16. Ng1 f5 17. Bxf4 exf4 18. Rad1 Bf6 19. exf5 Bxf5 20. Ne4 Be5 21. Nf3 Rad8 22. Re2 Rfe8 23. Qe1 Re7 24. Bd3 Kh8 25. dxc6 bxc6 26. Nc5 Bxd3 27. Nxd3 Rde8 28. Qd2 d5 29. Rde1 Bf6 30. Rxe7 Rxe7 31. Rxe7 Bxe7 32. Qe1 Bf6 33. Qe6 Kh7 34. Qf5 Qd6 35. h4 1-0


[Site "https://www.chess.com"]

[Event "Titled Tuesday Blitz January 10 Early 2023"]
[White "Baskakov, Egor"]
[Black "Duda, Jan-Krzysztof"]
[WhiteFideId "24197866"]
[BlackFideId "1170546"]
[WhiteElo "2215"]
[BlackElo "2724"]
[Result "0-1"]
[Round "08"]
[TimeControl "180+2"]
[Date "2023.01.10"]
[WhiteClock "0:00:36"]
[BlackClock "0:00:44"]

1. e4 e6 2. Nc3 d5 3. g3 d4 4. Nce2 c5 5. d3 Nc6 6. Bg2 e5 7. f4 Bd6 8. Nf3 Nf6 9. h3 h6 10. O-O Bd7 11. fxe5 Nxe5 12. Nxe5 Bxe5 13. Bf4 Qe7 14. Qd2 g5 15. Bxe5 Qxe5 16. c3 Nh5 17. cxd4 cxd4 18. Qb4 Nxg3 19. Nxg3 Qxg3 20. Qxd4 Rg8 21. Rac1 Bxh3 22. Rc2 Rd8 23. Qf6 Be6 24. e5 Rg6 25. Qh8+ Kd7 26. Qh7 Rf8 27. Kh1 Qxe5 28. Be4 Rf6 29. Rfc1 Rf4 30. Rc7+ Kd6 31. Rxb7 Rh4+ 32. Kg1 Qh2+ 33. Kf1 Rf4+ 34. Ke1 Qf2+ 35. Kd1 Bg4+ 0-1


[Site "https://www.chess.com"]

[Event "Titled Tuesday Blitz January 10 Early 2023"]
[White "Bortnyk, Olexandr"]
[Black "Makarian, Rudik"]
[WhiteFideId "14120828"]
[BlackFideId "44105681"]
[WhiteElo "2605"]
[BlackElo "2545"]
[Result "1-0"]
[Round "08"]
[TimeControl "180+2"]
[Date "2023.01.10"]
[WhiteClock "0:00:08"]
[BlackClock "0:00:05"]

1. e4 c5 2. c3 d5 3. exd5 Nf6 4. Nf3 Nxd5 5. d4 Nc6 6. c4 Nf6 7. d5 Nb8 8. Nc3 e6 9. Bg5 h6 10. Bh4 Be7 11. Qa4+ Bd7 12. Qb3 exd5 13. cxd5 O-O 14. Qxb7 Re8 15. O-O-O Qb6 16. Qxa8 Na6 17. Qxe8+ Bxe8 18. Bxa6 Qxa6 19. Rhe1 Kf8 20. Rxe7 Kxe7 21. d6+ Ke6 22. Bg3 Bd7 23. Re1+ Kf5 24. Nh4+ Kg4 25. Re7 g5 26. Nf3 Bf5 27. Ne5+ Kh5 28. Rxf7 Qf1+ 29. Kd2 Qa1 30. Nc4 Be6 31. Rxf6 Bxc4 32. Nd1 Bb5 33. Be5 Qxa2 34. Ne3 Qa5+ 35. Bc3 Qa4 36. g4+ 1-0


[Site "https://www.chess.com"]

[Event "Titled Tuesday Blitz January 10 Early 2023"]
[White "Samadov, Read"]
[Black "Vidit, Santosh Gujrathi"]
[WhiteFideId "13417444"]
[BlackFideId "5029465"]
[WhiteElo "2469"]
[BlackElo "2731"]
[Result "1/2-1/2"]
[Round "08"]
[TimeControl "180+2"]
[Date "2023.01.10"]
[WhiteClock "0:00:15"]
[BlackClock "0:00:05"]

1. d4 Nf6 2. c4 g6 3. Nc3 Bg7 4. e4 d6 5. Be2 O-O 6. Be3 Na6 7. h4 h5 8. Qd2 e5 9. d5 Nc5 10. f3 a5 11. Nh3 c6 12. Nf2 cxd5 13. cxd5 Bd7 14. O-O a4 15. Nd3 Na6 16. Rac1 Qa5 17. Nb1 Qd8 18. Na3 Ne8 19. Bg5 Bf6 20. Bxf6 Nxf6 21. Nc4 b5 22. Na5 Qb6+ 23. Kh2 Nc5 24. Nc6 Bxc6 25. dxc6 Qxc6 26. Qb4 Nfd7 27. Nxc5 Nxc5 28. Rfd1 Rab8 29. Rd5 Nd3 30. Rxc6 Nxb4 31. Rcxd6 Nxd5 32. Rxd5 b4 33. Rxe5 Rfc8 34. Ra5 b3 35. Rxa4 bxa2 36. Rxa2 Rc2 37. Bd3 Rcxb2 38. Rxb2 Rxb2 39. Kg3 Kg7 40. Bc4 f6 41. Be6 g5 42. hxg5 fxg5 43. Bf5 Kf6 44. Kh3 Ke5 45. Kg3 Rd2 46. Bg6 h4+ 47. Kh3 Kf4 48. Bf5 Rb2 49. Kh2 Ra2 50. Bg4 Ra5 51. Bf5 Ke3 52. Kh3 Kf2 53. Be6 Ra1 54. Kg4 Kxg2 55. Kxg5 h3 56. Bxh3+ Kxh3 57. e5 Kg3 58. e6 Kxf3 59. e7 Re1 60. Kf6 Kf4 61. Kf7 Rxe7+ 62. Kxe7 1/2-1/2


[Site "https://www.chess.com"]

[Event "Titled Tuesday Blitz January 10 Early 2023"]
[White "Durarbayli, Vasif"]
[Black "Svane, Rasmus"]
[WhiteFideId "13402935"]
[BlackFideId "4657101"]
[WhiteElo "2627"]
[BlackElo "2623"]
[Result "0-1"]
[Round "08"]
[TimeControl "180+2"]
[Date "2023.01.10"]
[WhiteClock "0:00:02"]
[BlackClock "0:00:19"]

1. e4 c6 2. d4 d5 3. exd5 cxd5 4. c4 Nf6 5. Nc3 Nc6 6. Nf3 a6 7. cxd5 Nxd5 8. Bc4 Be6 9. Bb3 Na5 10. O-O Nxb3 11. axb3 g6 12. Ng5 Bc8 13. Qf3 Nf6 14. d5 Bg7 15. Re1 O-O 16. Ra4 Bf5 17. Rh4 Rc8 18. g4 Bd7 19. Nce4 h6 20. Nh3 Nxe4 21. Qxe4 f5 22. gxf5 Bxf5 23. Qg2 e6 24. Rc4 Qxd5 25. Nf4 Qxg2+ 26. Kxg2 b5 27. Rxc8 Rxc8 28. Bd2 Kf7 29. Bc3 Bxc3 30. bxc3 Rxc3 31. Ra1 Be4+ 32. Kf1 Rxb3 33. Rxa6 Bf3 34. Ra7+ Kf6 35. Ke1 g5 36. Nh3 Bg4 0-1


[Site "https://www.chess.com"]

[Event "Titled Tuesday Blitz January 10 Early 2023"]
[White "Svidler, Peter"]
[Black "Cherniaiev, Tykhon"]
[WhiteFideId "4102142"]
[BlackFideId "14182360"]
[WhiteElo "2683"]
[BlackElo "2330"]
[Result "1-0"]
[Round "08"]
[TimeControl "180+2"]
[Date "2023.01.10"]
[WhiteClock "0:01:00"]
[BlackClock "0:00:11"]

1. e4 e5 2. Nf3 Nc6 3. Bb5 Nf6 4. d3 Bc5 5. c3 d5 6. exd5 Qxd5 7. Bc4 Qd6 8. Nbd2 O-O 9. b4 Bb6 10. a4 a5 11. b5 Ne7 12. O-O Ng6 13. Ba3 Bc5 14. Bxc5 Qxc5 15. d4 exd4 16. cxd4 Qd6 17. Re1 Bg4 18. Qb3 Nf4 19. g3 Ne6 20. Ne5 Nxd4 21. Nxf7 Rxf7 22. Bxf7+ Kf8 23. Qc4 Ne2+ 24. Rxe2 Bxe2 25. Qxe2 Kxf7 26. Nc4 Qe6 27. Ne5+ Kg8 28. Rc1 Re8 29. f4 Nd5 30. Qc4 c6 31. bxc6 bxc6 32. Qxc6 Qxc6 33. Rxc6 g5 34. Rc5 Nb6 35. Rxa5 gxf4 36. gxf4 Nd5 37. Rxd5 Ra8 38. a5 Rb8 39. Nc6 Rb2 40. a6 h5 41. a7 h4 42. a8=Q+ Kg7 43. Qa7+ Kg8 44. Rd8# 1-0


[Site "https://www.chess.com"]

[Event "Titled Tuesday Blitz January 10 Early 2023"]
[White "Kamsky, Gata"]
[Black "Bryakin, Mikhail"]
[WhiteFideId "2000024"]
[BlackFideId "4165314"]
[WhiteElo "2665"]
[BlackElo "2455"]
[Result "1/2-1/2"]
[Round "08"]
[TimeControl "180+2"]
[Date "2023.01.10"]
[WhiteClock "0:00:22"]
[BlackClock "0:00:16"]

1. e4 d5 2. exd5 Qxd5 3. Nc3 Qe5+ 4. Be2 Bg4 5. d4 Bxe2 6. Ngxe2 Qa5 7. d5 c6 8. O-O Nf6 9. Nf4 cxd5 10. Ncxd5 Nxd5 11. Qxd5 Qxd5 12. Nxd5 Na6 13. c4 e6 14. Nc3 Nc7 15. Bf4 O-O-O 16. Rfd1 Be7 17. Kf1 Bf6 18. Rac1 Rxd1+ 19. Nxd1 Rd8 20. Ke2 Na6 21. Be3 b6 22. Nc3 Bd4 23. Bxd4 Rxd4 24. Nb5 Rd7 25. Rd1 Rxd1 26. Kxd1 Nb4 27. Nxa7+ Kd7 28. Kd2 Nxa2 29. Nb5 Kc6 30. Nc3 Nb4 31. Ne4 h6 32. Kc3 Na2+ 33. Kd4 f6 34. f4 Nb4 35. Kc3 Na2+ 36. Kd4 Nb4 37. Kc3 Na2+ 38. Kd4 1/2-1/2


[Site "https://www.chess.com"]

[Event "Titled Tuesday Blitz January 10 Early 2023"]
[White "Karthik Rajaa"]
[Black "Moroni, Luca Jr"]
[WhiteFideId "25035215"]
[BlackFideId "865834"]
[WhiteElo "2276"]
[BlackElo "2535"]
[Result "1/2-1/2"]
[Round "08"]
[TimeControl "180+2"]
[Date "2023.01.10"]
[WhiteClock "0:00:12"]
[BlackClock "0:00:05"]

1. e4 d6 2. d4 e5 3. dxe5 dxe5 4. Qxd8+ Kxd8 5. Be3 f6 6. Bc4 c6 7. a4 Nd7 8. Nd2 Bc5 9. Bxc5 Nxc5 10. b4 Ne6 11. c3 Kc7 12. Ne2 Ne7 13. g3 Bd7 14. f4 exf4 15. gxf4 f5 16. e5 a5 17. Bxe6 Bxe6 18. Nd4 Bc8 19. bxa5 Nd5 20. N2b3 Nxf4 21. O-O g5 22. e6 Re8 23. Rae1 Nxe6 24. Nxf5 Bd7 25. Nfd4 Nf4 26. h4 Bh3 27. Rxe8 Rxe8 28. Rf3 h6 29. hxg5 hxg5 30. Rg3 Re1+ 31. Kf2 Rf1+ 32. Ke3 g4 33. Nd2 Nd5+ 34. Kd3 Ra1 35. N2b3 Re1 36. c4 Nf4+ 37. Kd2 Re8 38. Re3 Rg8 39. Re4 Nh5 40. Re7+ Kd8 41. Rxb7 g3 42. Nxc6+ Ke8 43. Rb8+ Kf7 44. Ne5+ Kg7 45. Rxg8+ Kxg8 46. Nf3 g2 47. Ng1 Bg4 48. Nd4 Nf4 49. Ke3 Ng6 50. Ndf3 Bc8 51. Ne1 Bb7 52. a6 Bxa6 53. Nxg2 Bxc4 54. Kd4 Ba6 55. Ne1 Kf7 56. Ngf3 Ke7 57. Kc5 Kd8 58. Nc2 Kc7 59. Nfd4 Bf1 60. Ne6+ Kb8 61. Kb6 Ne5 62. Nb4 Nd7+ 63. Kc6 Ne5+ 64. Kd5 Nd3 65. Nc6+ Kb7 66. a5 Ka6 67. Nc7+ Kb7 68. Kd6 Nf2 69. Nb4 Ne4+ 70. Ke5 Kxc7 71. Kxe4 Kb7 72. Kd4 Ka7 73. Kc5 Bg2 74. Kb5 Bf3 75. a6 Bg2 76. Ka5 Bf3 77. Na2 Be2 78. Nb4 Bxa6 1/2-1/2


[Site "https://www.chess.com"]

[Event "Titled Tuesday Blitz January 10 Early 2023"]
[White "Rakhmatullaev, Almas"]
[Black "Harshavardhan G B"]
[WhiteFideId "14205793"]
[BlackFideId "25059009"]
[WhiteElo "2275"]
[BlackElo "2408"]
[Result "1-0"]
[Round "08"]
[TimeControl "180+2"]
[Date "2023.01.10"]
[WhiteClock "0:00:06"]
[BlackClock "0:00:01"]

1. e4 e5 2. Nf3 Nc6 3. d4 exd4 4. Nxd4 Bc5 5. Nf5 d5 6. Nxg7+ Kf8 7. Nh5 dxe4 8. Qxd8+ Nxd8 9. Nc3 Bf5 10. Ng3 Bg6 11. Ncxe4 Bb6 12. Bd2 h5 13. h4 Nc6 14. O-O-O Nge7 15. Bc3 Rh6 16. Bc4 Na5 17. Bd3 Nac6 18. Rhf1 Rd8 19. Kb1 Nd5 20. Bd2 Rh8 21. f4 Bxe4 22. Bxe4 Nce7 23. c4 Nf6 24. Bc3 Rxd1+ 25. Rxd1 Kg7 26. Rd7 Bc5 27. Rxc7 Bd6 28. Rd7 Bxf4 29. Rxe7 Bxg3 30. Bd5 Rf8 31. Rxb7 Bxh4 32. Rxa7 Bg5 33. Bf3 h4 34. c5 Kg6 35. c6 Kf5 36. b4 Rd8 37. b5 Rd3 38. Kc2 1-0


[Site "https://www.chess.com"]

[Event "Titled Tuesday Blitz January 10 Early 2023"]
[White "Bluebaum, Matthias"]
[Black "Mihajlov, Sebastian"]
[WhiteFideId "24651516"]
[BlackFideId "1512110"]
[WhiteElo "2669"]
[BlackElo "2373"]
[Result "0-1"]
[Round "08"]
[TimeControl "180+2"]
[Date "2023.01.10"]
[WhiteClock "0:00:27"]
[BlackClock "0:00:10"]

1. d4 d5 2. c4 c6 3. Nf3 Nf6 4. Nc3 dxc4 5. e4 b5 6. Qc2 e6 7. Be2 Bb7 8. O-O h6 9. b3 cxb3 10. axb3 a6 11. e5 Nd5 12. Nxd5 Qxd5 13. Be3 Be7 14. Bd3 Qd8 15. Rfd1 Nd7 16. Rac1 Nb6 17. Qe2 Nd5 18. Bd2 Rc8 19. Rc2 c5 20. dxc5 Rxc5 21. Rxc5 Bxc5 22. Bxb5+ Ke7 23. Bxa6 Qb6 24. Bxb7 Qxb7 25. Rb1 Ra8 26. h4 Ra2 27. Bg5+ hxg5 28. Qxa2 g4 29. Nd2 Nf4 30. Nf3 gxf3 31. Qd2 Ne2+ 32. Kh2 Bxf2 33. Qd6+ Ke8 34. Rd1 Bb6 35. gxf3 Nf4 36. Qb4 Bg1+ 37. Kg3 Qxb4 38. Rxg1 Nd5 39. Kh2 Qf4+ 40. Kg2 Ne3+ 41. Kf2 Nf5 42. Rd1 Qh2+ 43. Ke1 Qg1+ 44. Kd2 Qd4+ 45. Kc2 Qxe5 46. Rd3 Qh2+ 47. Kc3 Qxh4 48. b4 Qf6+ 49. Kc4 Ne7 50. b5 Qf4+ 51. Kc5 Qc7+ 52. Kb4 Nd5+ 53. Kb3 Qc5 54. f4 Qxb5+ 55. Kc2 Nb4+ 56. Kc3 Qxd3+ 57. Kxb4 Kd7 58. f5 exf5 59. Ka5 f4 60. Kb6 Qc4 61. Ka7 Kc7 62. Ka8 Qa6# 0-1


[Site "https://www.chess.com"]

[Event "Titled Tuesday Blitz January 10 Early 2023"]
[White "Putnam, Liam"]
[Black "Jobava, Baadur"]
[WhiteFideId "30938279"]
[BlackFideId "13601520"]
[WhiteElo "2285"]
[BlackElo "2578"]
[Result "1-0"]
[Round "08"]
[TimeControl "180+2"]
[Date "2023.01.10"]
[WhiteClock "0:00:09"]
[BlackClock "0:00:02"]

1. d4 d5 2. Nf3 Nf6 3. c4 dxc4 4. e3 Bg4 5. Bxc4 e6 6. O-O Bd6 7. h3 Bh5 8. Nc3 Nc6 9. Qe2 O-O 10. g4 Nxg4 11. hxg4 Bxg4 12. Ne4 f5 13. Bxe6+ Kh8 14. Ng3 Qf6 15. Bd5 Rae8 16. Qc4 Qg6 17. Kg2 Nb4 18. Bxb7 Rb8 19. Bd5 Rfd8 20. Bf7 Qf6 21. Qe6 Nc2 22. Qxf6 gxf6 23. Rb1 Na3 24. Bd2 Nxb1 25. Rxb1 c5 26. d5 Bxg3 27. fxg3 f4 28. Bc3 Kg7 29. Be6 Bxe6 30. dxe6 fxg3 31. Nh4 Re8 32. e7 Kf7 33. Nf5 Rg8 34. Nh6+ Kxe7 35. Nxg8+ Rxg8 36. Rf1 Rg6 37. Rf3 Ke6 38. Rxg3 Rh6 39. Rf3 f5 40. Rf4 Rg6+ 41. Kf2 h5 42. Ra4 Kd5 43. Rxa7 h4 44. Re7 Kc4 45. Re5 Rg5 46. Re6 Kd3 47. Rh6 Rg4 48. Bf6 Ra4 49. a3 Re4 50. Rxh4 Rxe3 51. Rf4 Re2+ 52. Kf3 Re3+ 53. Kg2 Re2+ 54. Rf2 Re6 55. Rxf5 c4 56. Rf2 Re8 57. Bc3 Rg8+ 58. Kf1 Re8 59. Rd2+ Ke3 60. Re2+ Kd3 61. Rg2 Rf8+ 62. Kg1 1-0


[Site "https://www.chess.com"]

[Event "Titled Tuesday Blitz January 10 Early 2023"]
[White "Paravyan, David"]
[Black "Postny, Evgeny"]
[WhiteFideId "4194985"]
[BlackFideId "2804344"]
[WhiteElo "2601"]
[BlackElo "2549"]
[Result "1-0"]
[Round "08"]
[TimeControl "180+2"]
[Date "2023.01.10"]
[WhiteClock "0:00:10"]
[BlackClock "0:00:09"]

1. e4 c6 2. d4 d5 3. e5 c5 4. Nf3 e6 5. c3 Nc6 6. Bd3 Nge7 7. O-O Nf5 8. Bc2 Be7 9. dxc5 Bxc5 10. Bg5 Nfe7 11. Nbd2 h6 12. Bh4 g5 13. Bg3 Nf5 14. Nb3 Bb6 15. Nbd4 Ncxd4 16. Nxd4 Nxd4 17. cxd4 h5 18. h3 Bd7 19. Qd2 Qe7 20. Rfd1 O-O-O 21. a4 Rdg8 22. a5 Bc7 23. a6 b6 24. f3 g4 25. hxg4 hxg4 26. f4 f6 27. Rac1 fxe5 28. dxe5 Kb8 29. Bd3 Rc8 30. f5 b5 31. Rxc7 Rxc7 32. f6 Qf7 33. Qb4 Ka8 34. Qxg4 Rg8 35. Qh4 Bc6 36. Bf2 d4 37. Be4 Rd8 38. Rxd4 Rxd4 39. Qh8+ 1-0


[Site "https://www.chess.com"]

[Event "Titled Tuesday Blitz January 10 Early 2023"]
[White "Le, Tuan Minh"]
[Black "Preotu, Razvan"]
[WhiteFideId "12401153"]
[BlackFideId "2613280"]
[WhiteElo "2542"]
[BlackElo "2475"]
[Result "0-1"]
[Round "08"]
[TimeControl "180+2"]
[Date "2023.01.10"]
[WhiteClock "0:00:02"]
[BlackClock "0:00:16"]

1. d4 Nf6 2. Nf3 g6 3. Bg5 Bg7 4. Nbd2 O-O 5. c3 d6 6. e4 c5 7. dxc5 dxc5 8. Bc4 Nc6 9. Qe2 Qc7 10. O-O Na5 11. Bd3 h6 12. Bxf6 exf6 13. Rfe1 Re8 14. Nf1 f5 15. Qd1 fxe4 16. Bxe4 Be6 17. Qc2 Rad8 18. h3 b5 19. Ne3 Nc4 20. Nxc4 Bxc4 21. Rad1 Rxd1 22. Rxd1 Bxa2 23. Bxg6 fxg6 24. b3 Qa5 25. Rd7 Re6 26. h4 c4 27. b4 Qa3 28. h5 Bb3 29. Rd8+ Kh7 30. hxg6+ Rxg6 31. Qf5 Qc1+ 32. Kh2 Bc2 33. Qf7 h5 34. Nh4 Rf6 35. Qg8+ Kh6 36. Rd7 Qf4+ 37. g3 Qxf2+ 38. Ng2 Rg6 39. Rxg7 Qxg3+ 0-1


[Site "https://www.chess.com"]

[Event "Titled Tuesday Blitz January 10 Early 2023"]
[White "Rakhmanov, Aleksandr"]
[Black "Oparin, Grigoriy"]
[WhiteFideId "4173708"]
[BlackFideId "24125890"]
[WhiteElo "2632"]
[BlackElo "2667"]
[Result "1/2-1/2"]
[Round "08"]
[TimeControl "180+2"]
[Date "2023.01.10"]
[WhiteClock "0:00:04"]
[BlackClock "0:00:06"]

1. d4 Nf6 2. c4 e6 3. Nc3 Bb4 4. e3 b6 5. Bd3 Bb7 6. Ne2 O-O 7. O-O c5 8. a3 Bxc3 9. Nxc3 d6 10. d5 exd5 11. cxd5 Nbd7 12. e4 Re8 13. Bg5 Ne5 14. Re1 h6 15. Bh4 a6 16. a4 g5 17. Bg3 Ng6 18. Qf3 Ne5 19. Qe3 Nfg4 20. Qd2 h5 21. f4 h4 22. fxe5 hxg3 23. hxg3 Nxe5 24. Rf1 Bc8 25. Be2 Kg7 26. Rf2 Rh8 27. Nd1 Rh6 28. Rf1 f6 29. Ne3 Ra7 30. Nc4 Re7 31. Rae1 Qc7 32. Qc3 Bd7 33. Nxe5 Rxe5 34. Bxa6 Bxa4 35. Bd3 Bd7 36. Ra1 b5 37. Bc2 Rh8 38. Ra6 Rhe8 39. Rfa1 R8e7 40. Ra7 Qd8 41. Qa5 Qxa5 42. R1xa5 Be8 43. Rxe7+ Rxe7 44. Ra6 Rd7 45. Rb6 Rd8 46. Rb7+ Kf8 47. Bd1 b4 48. Bg4 Bg6 49. Bf5 Bf7 50. g4 Ra8 51. Rb6 Ra2 52. Rxd6 Rxb2 53. Rd8+ Kg7 54. Rd7 Kf8 55. Rd8+ Kg7 56. Rd7 Kf8 57. Rd8+ 1/2-1/2


[Site "https://www.chess.com"]

[Event "Titled Tuesday Blitz January 10 Early 2023"]
[White "Aradhya, Garg"]
[Black "Keymer, Vincent"]
[WhiteFideId "25006746"]
[BlackFideId "12940690"]
[WhiteElo "2284"]
[BlackElo "2700"]
[Result "0-1"]
[Round "08"]
[TimeControl "180+2"]
[Date "2023.01.10"]
[WhiteClock "0:00:09"]
[BlackClock "0:00:23"]

1. d4 Nf6 2. c4 e6 3. Nc3 Bb4 4. e3 O-O 5. Bd2 Nc6 6. Bd3 e5 7. d5 Ne7 8. Nge2 a5 9. O-O d6 10. f4 exf4 11. exf4 Bf5 12. Qc2 Qd7 13. Kh1 Bxd3 14. Qxd3 Qf5 15. Qe3 Rae8 16. Nd4 Qh5 17. Qd3 Bc5 18. Nf3 Nf5 19. Ng5 Ne3 20. Bxe3 Rxe3 21. Qd1 Qxd1 22. Raxd1 Rfe8 23. Nf3 h6 24. Nd4 Ng4 25. h3 Bxd4 26. Rxd4 Re1 27. Kg1 Nf6 28. Rd1 R1e7 29. Kf2 Ne4+ 30. Kg1 Nxc3 31. bxc3 b6 32. Rd3 Re4 33. g3 Rxc4 34. Rfd1 Re2 35. Kf1 Rxa2 36. Re1 Rc2 37. Re8+ Kh7 38. Re7 R4xc3 39. Rxc3 Rxc3 40. Rxf7 a4 41. Kf2 a3 42. Rf8 b5 43. Ra8 b4 44. Ra4 Rc2+ 45. Kf3 a2 46. Kg4 b3 47. h4 b2 48. Rxa2 b1=Q 49. Rxc2 Qxc2 50. h5 Qd1+ 51. Kh3 Qxd5 52. g4 Qf3+ 53. Kh4 Qxf4 54. Kh3 c5 55. Kg2 Qxg4+ 56. Kf2 Qxh5 57. Ke3 Qd5 58. Kf4 c4 59. Kg3 c3 60. Kh4 c2 61. Kg3 c1=Q 62. Kh4 Qcg5+ 63. Kh3 Qdg2# 0-1


[Site "https://www.chess.com"]

[Event "Titled Tuesday Blitz January 10 Early 2023"]
[White "Samunenkov, Ihor"]
[Black "Dominguez Perez, Leinier"]
[WhiteFideId "14187086"]
[BlackFideId "3503240"]
[WhiteElo "2501"]
[BlackElo "2739"]
[Result "0-1"]
[Round "08"]
[TimeControl "180+2"]
[Date "2023.01.10"]
[WhiteClock "0:00:01"]
[BlackClock "0:00:07"]

1. d4 d5 2. c4 dxc4 3. Nf3 c6 4. e3 Be6 5. Qc2 b5 6. b3 cxb3 7. axb3 Nf6 8. Bd3 g6 9. O-O Bg7 10. Bd2 a5 11. Nc3 O-O 12. Ne2 Qb6 13. Nf4 Bc8 14. e4 Bg4 15. Be3 Bxf3 16. gxf3 Qb7 17. Bd2 Qb6 18. Be3 Qd8 19. Rfc1 Nfd7 20. e5 e6 21. Be4 Ra6 22. Kh1 Qh4 23. Nd3 Qe7 24. f4 Nb6 25. Nc5 Ra7 26. Bd2 b4 27. Bg2 Nd5 28. Ne4 Rd8 29. Nd6 Rxd6 30. exd6 Qxd6 31. Qe4 Nd7 32. Rc2 Bf6 33. Rca2 Qc7 34. Rc1 Qb6 35. Rac2 Rc7 36. Rc4 Kg7 37. Qd3 Qb5 38. Be3 N7b6 39. Bxd5 exd5 0-1


[Site "https://www.chess.com"]